 Dungeon Crawl Stone Soup version 0.29-a0-383-g8b6f518c11 (webtiles) character file.

Game seed: 15284139723435117588

10 Bruhh the Slasher (level 2, 24/24 HPs)
             Began as a Human Monk on May 6, 2022.
             Was a Believer of Cheibriados.
             Quit the game on level 1 of the Dungeon.
             The game lasted 00:01:18 (584 turns).

Bruhh the Slasher (Human Monk)                       Turns: 584, Time: 00:01:18

Health: 24/24      AC:  2    Str: 17    XL:     2   Next: 30%
Magic:  2/2        EV: 13    Int: 16    God:    Cheibriados [**....]
Gold:   0          SH:  0    Dex: 21    Spells: 1/1 levels left

rFire   . . .      SeeInvis .   a - +0 falchion
rCold   . . .      Faith    .   (no shield)
rNeg    . . .      Spirit   .   b - +0 robe
rPois   .          Reflect  .   (no helmet)
rElec   .          Harm     .   (no cloak)
rCorr   .          Rampage  .   (no gloves)
Will    .....                   (no boots)
Stlth   ++........              (no amulet)
HPRegen 0.08/turn               (no ring)
MPRegen 0.08/turn               (no ring)

@: very slow
A: no striking features
a: Renounce Religion, Bend Time


You were on level 1 of the Dungeon.
You worshipped Cheibriados.
Cheibriados was pleased with you.
You visited 1 branch of the dungeon, and saw 1 of its levels.

Inventory:

Hand Weapons
 a - a +0 falchion (weapon)
Armour
 b - a +0 robe (worn)
Jewellery
 g - a ring of resist corrosion
Scrolls
 h - a scroll of identify {unknown}
Potions
 c - 2 potions of ambrosia
 d - a potion of curing {unknown}
 e - 2 potions of flight {unknown}
 f - a potion of attraction {unknown}


   Skills:
 - Level 3.0 Fighting
 + Level 3.6 Long Blades
 - Level 3.0 Dodging
 - Level 2.0 Stealth


You had one spell level left.
You didn't know any spells.
Your spell library contained the following spells:

 Spells                   Type           Power      Damage    Failure   Level
 Summon Small Mammal      Summ           0%         N/A       26%         1


Dungeon Overview and Level Annotations

Branches:
Dungeon (1/15)

Altars:
Cheibriados


Message History

You barely miss the rat. The rat bites you but does no damage.
You closely miss the rat. The rat bites you.
You closely miss the rat. The rat bites you.
You barely miss the rat. The rat completely misses you.
You barely miss the rat. The rat bites you. The rat closely misses you.
You hit the rat.
You kill the rat!
No target in view!
No target in view!
No target in view!
No target in view!
No target in view!
No target in view!
No target in view!
No target in view!
No target in view!
No target in view!
No target in view!
Found a faded altar of an unknown god.
h - a scroll labelled LAUTYHAESS You pick up Plato's Catalogue of the Escort and begin reading...
You add the spell Summon Small Mammal to your library.
There is a faded altar of an unknown god here.
A quokka comes into view.
The quokka closely misses you.
You hit the quokka.
You kill the quokka!
No target in view!
No target in view!
You see here 24 stones.
There is a faded altar of an unknown god here.
You cannot tell which god this altar belongs to.
Convert to them anyway?
Cheibriados accepts your prayer! Cheibriados welcomes you!
You can now bend time to slow others.
Cheibriados raises the support of your attributes as your movement slows. x3
Cheibriados begins to support your attributes as your movement slows.
Cheibriados is now slowing the effects of poison on you.
Cheibriados raises the support of your attributes as your movement slows. x2
Are you sure you want to abandon this character and quit the game? (Confirm with "yes".)

..........###.######.#...#
##.#.....#...........#†#.#
#.#.....................#
#...........#####.....###
####.......#.....#....#
#..#...#.#####.#...# ##
#..#..#.#.....#.#..#
.####....#.#.#####.#.#.#
.#......)#.#.#._@#.#.#.#
.#.###.#....(.^^....^^.#
.#.# #.#...............#
...# #.#...#########..##
##.# #.#..## ##.##
#..###.#.## #..#
#........# ##.##
#.#....#.# #..# #.#..#.#.#
##.##


There were no monsters in sight!

Vanquished Creatures
  An endoplasm (D:1)
  A hobgoblin (D:1)
  A quokka (D:1)
  2 ball pythons (D:1)
  A bat (D:1)
  2 frilled lizards (D:1)
  2 goblins (D:1)
  A rat (D:1)
11 creatures vanquished.

Notes
Turn   | Place    | Note
-------+----------+-------------------------------------------
     0 | D:1      | Bruhh the Human Monk began the quest for the Orb.
     0 | D:1      | Reached XP level 1. HP: 18/18 MP: 1/1
   317 | D:1      | Reached XP level 2. HP: 24/24 MP: 2/2
   456 | D:1      | Found a faded altar of an unknown god.
   465 | D:1      | Got Plato's Catalogue of the Escort
   582 | D:1      | Prayed at the altar of an unknown god.
   582 | D:1      | Became a worshipper of Cheibriados the Contemplative
   582 | D:1      | Reached * piety under Cheibriados
   582 | D:1      | Reached ** piety under Cheibriados
   584 | D:1      | Quit the game

Illustrated notes

Levels and vault maps discovered:
D:1:      dpeg_arrival_oval, layout_loops_cross,
          shapermc_ecumenical_altar_rom_forum

Action                   || total
-------------------------++-------
Melee: Falchion          ||    31
 Stab: Sleeping          ||     2
Armor: Robe              ||     6
Dodge: Dodged            ||    25

Table legend: (Time is in decaauts)
 A = Elapsed time spent in this place.
 B = Non-inter-level travel time spent in this place.
 C = Inter-level travel time spent in this place.
 D = Time resting spent in this place.
 E = Time spent auto-exploring this place.
 F = Levels seen in this place.
 G = Mean time per level.
                   A        B        C        D        E       F      G
               +--------+--------+--------+--------+--------+-----+--------+
         Total |    588 |    559 |     29 |      0 |    460 |   1 |  588.0 |
       Dungeon |    588 |    559 |     29 |      0 |    460 |   1 |  588.0 |
               +--------+--------+--------+--------+--------+-----+--------+

Top non-repeatable levels by time:
     D:1: 588 daAuts
